 Dungeon Crawl Stone Soup version 0.32-a0-42-ga30500b4d3 (webtiles) character file.

Game seed: 8002624433444098280

32940 grandjackal the Warrior (level 13, 0/117 HPs)
             Began as a Demonspawn Gladiator on Jan 29, 2024.
             Was an Initiate of Gozag.
             Killed from afar by Azrael (20 damage)
             ... with damnation
             ... on level 2 of the Orcish Mines on Jan 30, 2024.
             The game lasted 00:25:24 (14771 turns).

grandjackal the Warrior (Demonspawn Gladiator)     Turns: 14771, Time: 00:25:24

Health: 0/117      AC: 12    Str: 16    XL:     13   Next: 34%
Magic:  13/13      EV: 12    Int:  9    God:    Gozag
Gold:   1831       SH:  0    Dex: 18    Spells: 12/12 levels left

rFire   . .          .
                       - Unarmed
rCold   + . .        (no shield)
rNeg    . . .        f - +1 ring mail {rC+}
rPois   .            c - +0 helmet
rElec   .            I - +0 cloak
rCorr   .            (gloves unavailable)
SInv    +            (no boots)
Will    .....        g - amulet of regeneration
Stlth   +            G - ring of see invisible
HPRegen 1.19/turn    q - +4 ring of protection
MPRegen 0.13/turn

%: no passive effects
@: mighty, about to teleport, gold aura
A: powered by pain 1, condensation shield, demonic touch 3
a: Renounce Religion, Potion Petition, Call Merchant, Bribe Branch


You were on level 2 of the Orcish Mines.
You worshipped Gozag.
Gozag was most pleased with you.
You visited 3 branches of the dungeon, and saw 15 of its levels.
You also visited: Sewer.

You collected 2883 gold pieces.
You spent 434 gold pieces at shops.
You paid 618 gold pieces to Gozag.

Inventory:

Hand Weapons
 M - a +3 scimitar of flaming
Missiles
 d - 4 throwing nets
 e - a javelin
 l - 7 silver javelins
Armour
 c - a +0 helmet (worn)
 f - a +1 ring mail of cold resistance (worn)
 v - a scarf of repulsion
 I - a +0 cloak (worn)
Jewellery
 g - an amulet of regeneration (around neck)
 h - a ring of flight
 q - a +4 ring of protection (right hand)
 D - a ring of fire
 F - an amulet of magic regeneration
 G - a ring of see invisible (left hand)
Wands
 H - a wand of mindburst (6)
 J - a wand of digging (4)
 K - a wand of charming (20)
Scrolls
 b - a scroll of acquirement {unknown}
 m - 5 scrolls of blinking
 n - 2 scrolls of vulnerability {unknown}
 o - 2 scrolls of poison
 p - 4 scrolls of enchant armour
 w - 3 scrolls of revelation {unknown}
 y - 3 scrolls of enchant weapon {unknown}
 C - 4 scrolls of immolation {unknown}
 E - a scroll of teleportation
 L - a scroll of fear
 Q - a scroll of butterflies {unknown}
Potions
 a - 3 potions of lignification
 i - a potion of brilliance
 j - a potion of heal wounds
 r - 2 potions of resistance
 s - 2 potions of ambrosia
 t - a potion of enlightenment
 x - 5 potions of mutation
 z - 3 potions of cancellation
 B - 4 potions of might
 N - a potion of magic


   Skills:
 + Level 16.1 Fighting
 - Level 6.0 Long Blades
 - Level 2.0 Throwing
 + Level 2.5 Armour
 - Level 3.0 Dodging
 + Level 13.7 Unarmed Combat


You had 12 spell levels left.
You didn't know any spells.
Your spell library contained the following spells:

 Spells                   Type           Power      Damage    Failure   Level
 Dazzling Flash           Conj/Hex       0%         N/A       92%         3
 Mephitic Cloud           Conj/Alch/Air  0%         N/A       92%         3
 Cause Fear               Hex            0%         N/A       100%        4
 Vhi's Electric Charge    Tloc/Air       0%         N/A       100%        4
 Arcjolt                  Conj/Air       0%         1d10      100%        5
 Borgnjor's Vile Clutch   Necr/Erth      0%         N/A       100%        5
 Curse of Agony           Necr           0%         N/A       100%        5
 Fireball                 Conj/Fire      0%         3d3       100%        5
 Silence                  Hex/Air        0%         N/A       100%        5
 Maxwell's Capacitive Co  Air            0%         ∞         100%        8
 Chain Lightning          Conj/Air       0%         N/A       100%        9
 Dragon's Call            Summ           0%         N/A       100%        9


Dungeon Overview and Level Annotations

Branches:
Dungeon (12/15)            Temple (1/1) D:7            Lair (0/5) D:9
    Orc (2/2) D:9             Elf (0/3) Orc:2         Sewer (visited)

Altars:
Ashenzari
Cheibriados
Dithmenos
Fedhas
Gozag
Hepliaklqana
Kikubaaqudgha
Makhleb
Nemelex Xobeh
Okawaru
Qazlal
Ru
Sif Muna
Trog
Uskayaw
Vehumet
Wu Jian
Xom
Yredelemnul

Shops:
D:6 *!([   D:9 [*(   D:10 :   Orc:2 [(*=*

Portals:
Trove: D:12 (give +2 gold dragon scales)

Annotations:
D:3 3 runed translucent doors, Azoth's ghost, amateur DEHu
D:5 3 runed translucent doors, timneilson's ghost, novice OpSh
D:12 2 runed translucent doors, pokeman's ghost, journeyman DEHW
Orc:2 Azrael; Josephine


Innate Abilities, Weirdness & Mutations

You sometimes gain a little power by taking damage.
A meltable shield of frost defends you. (SH +0)
Your touch may irresistibly damage your foes and sap their willpower.


Message History

* * * LOW HITPOINT WARNING * * *
The fire elemental is distracted by your dazzling golden aura.
You punch the hell hound!
You kill the hell hound!
The fire elemental barely misses you.
Unknown command.
You punch the fire elemental!
The fire elemental is heavily damaged.
The orc warrior hits you from afar with a +0 trident!
* * * LOW HITPOINT WARNING * * *
A fire elemental comes into view.
The fire elemental hits you. The fire elemental burns you!
* * * LOW HITPOINT WARNING * * *
You punch the fire elemental!
The fire elemental is almost destroyed.
The fire elemental is no longer distracted by gold.
Azrael is distracted by your dazzling golden aura.
The fire elemental is distracted by your dazzling golden aura.
The orc warrior hits you but does no damage.
The fire elemental is distracted by your dazzling golden aura.
You punch the fire elemental!
You destroy the fire elemental!
The orc warrior is distracted by your dazzling golden aura.
Unknown command.
As you read the scroll of teleportation, it crumbles to dust.
You feel strangely unstable.
The orc warrior is no longer distracted by gold.
The fire elemental is distracted by your dazzling golden aura.
The orc warrior completely misses you.
The fire elemental is no longer distracted by gold.
The orc warrior is distracted by your dazzling golden aura.
The orc warrior shouts!
You pummel the fire elemental!!
You touch the fire elemental!
You destroy the fire elemental!
Azrael is distracted by your dazzling golden aura.
Azrael is no longer distracted by gold.
The orc barely misses you. Azrael gestures at you.
The sphere of damnation explodes!
The damnation engulfs you!!
You die...
Your body crumbles into a pile of gold. .... °.. ....○ ○... .......... .°○ .........hE °.## .....#...h○# Rho#

...........h##.##
............E$o.###
............#o.##.##
.............☼○#@$.#
...........○#°oo○$##
............E.R....#
...................#
..................##
.................##
................##
...............##
...............#


You could see Azrael, a fire elemental, an orc warrior and an orc.

Vanquished Creatures
  Frances (D:12)
  An orc warlord (Orc:2)
  Snorg (Orc:2)
  Erolcha (Orc:1)
  An ogre mage (Orc:2)
  Erica (D:10)
  2 boulder beetles
  5 two-headed ogres (Orc:2)
  An orc high priest (Orc:2)
  Urug (Orc:2)
  Amaemon (D:10)
  Nergalle (Orc:2)
  3 orc knights
  Pikel (D:5)
  2 orc sorcerers
  4 cyclopes
  3 ugly things (D:12)
  A manticore (D:7)
  Maurice (D:9)
  3 gargoyles
  Maggie (D:10)
  An orange demon (D:10)
  A kobold demonologist (D:7)
  2 polar bears (D:10)
  4 trolls
  A hornet (D:7)
  2 centaur simulacra (D:10)
  4 wraiths
  A shadow (D:6)
  16 yaks
  2 fire elementals (Orc:2)
  4 wyverns
  A basilisk (D:12)
  2 steam dragons
  2 wargs (Orc:2)
  3 vampire mosquitoes
  An acid dragon (D:10)
  5 hell hounds (Orc:2)
  24 orc warriors
  An ice beast (shapeshifter) (D:9)
  A black bear (D:5)
  5 ogres
  5 centaurs
  2 wolves (D:10)
  A crocodile (Sewer)
  2 lemures (D:5)
  A phantom (D:6)
  5 kobold brigands
  4 bullfrogs
  A scorpion (D:4)
  7 wights (D:8)
  16 killer bees
  An electric eel (D:6)
  5 howler monkeys
  3 jellies
  A bombardier beetle (D:4)
  2 hounds
  18 orc priests
  Crazy Yiuf (D:5)
  A gnoll bouda (D:6)
  2 sleepcaps (D:5)
  Ijyb (D:5)
  7 iguanas
  19 orc wizards
  12 gnolls
  11 adders
  2 river rats (Sewer)
  5 white imps
  An ufetubus (D:10)
  4 ribbon worms
  2 dart slugs (D:1)
  67 orcs
  8 bats
  7 endoplasms
  6 giant cockroaches
  8 goblins
  10 hobgoblins
  21 kobolds
  8 quokkas
  6 ball pythons
  3 frilled lizards
  6 rats
411 creatures vanquished.

Vanquished Creatures (collateral kills)
  3 orcs (Orc:2)
3 creatures vanquished.

Vanquished Creatures (others)
  An orc knight (Orc:2)
  A frilled lizard (D:1)
2 creatures vanquished.

Grand Total: 416 creatures vanquished

Notes
Turn   | Place    | Note
-------+----------+-------------------------------------------
     0 | D:1      | grandjackal the Demonspawn Gladiator began the quest for
                  | the Orb.
     0 | D:1      | Reached XP level 1. HP: 16/16 MP: 1/1
    44 | D:1      | You fall into a shaft and drop 1 floor!
    52 | D:2      | Found a hazy altar of Hepliaklqana.
    99 | D:1      | Gained mutation: A meltable shield of frost defends you.
                  | (SH +0) [demonic ancestry]
    99 | D:1      | Reached XP level 2. HP: 22/22 MP: 2/2
   354 | D:1      | Reached XP level 3. HP: 28/28 MP: 3/3
  1382 | D:3      | Reached skill level 3 in Fighting
  1410 | D:3      | Reached XP level 4. HP: 32/35 MP: 4/4
  1504 | D:3      | Noticed a kobold brigand
  1505 | D:3      | Noticed Azoth's ghost (amateur DEHu)
  1507 | D:3      | Found a runed translucent gate.
  1530 | D:3      | Found a runed translucent gate.
  1552 | D:3      | Identified the +0 pair of gloves of the Inviting Gods
                  | {Dex+2}
  1597 | D:3      | Found a glowing drain.
  1630 | Sewer    | Entered a sewer
  1664 | Sewer    | Reached XP level 5. HP: 29/42 MP: 5/5
  1735 | Sewer    | Noticed a crocodile
  1774 | Sewer    | Killed a crocodile
  1775 | Sewer    | Reached skill level 4 in Fighting
  2108 | Sewer    | Reached XP level 6. HP: 46/49 MP: 6/6
  2141 | Sewer    | Reached skill level 5 in Fighting
  2227 | Sewer    | Reached skill level 5 in Long Blades
  2292 | D:3      | Found a runed translucent gate.
  3089 | D:3      | Gained mutation: Your touch may inflict minor irresistible
                  | damage on your foes. [demonic ancestry]
  3089 | D:3      | Reached XP level 7. HP: 35/56 MP: 7/7
  3490 | D:4      | Reached skill level 6 in Fighting
  3747 | D:5      | Entered Level 5 of the Dungeon
  3815 | D:5      | Noticed Ijyb
  3824 | D:5      | Killed Ijyb
  3882 | D:5      | Got the Lectures on Cloudy Topomancy
  4054 | D:5      | Found a runed translucent door.
  4055 | D:5      | Noticed Crazy Yiuf
  4063 | D:5      | Killed Crazy Yiuf
  4064 | D:5      | Reached skill level 1 in Unarmed Combat
  4331 | D:5      | Gained mutation: Your touch may inflict irresistible damage
                  | on your foes. [demonic ancestry]
  4331 | D:5      | Reached XP level 8. HP: 56/65 MP: 8/8
  4473 | D:5      | Noticed Pikel
  4516 | D:5      | Killed Pikel
  4517 | D:5      | Reached skill level 7 in Fighting
  4577 | D:5      | Found a runed translucent gate.
  4577 | D:5      | Found a runed translucent gate.
  4579 | D:5      | Found a runed translucent gate.
  4579 | D:5      | Noticed timneilson's ghost (novice OpSh)
  4874 | D:6      | Reached skill level 8 in Fighting
  4884 | D:6      | Found Ichivinu's Antique Armour Shop.
  4885 | D:6      | Found Latoomew's Weapon Shoppe.
  4919 | D:6      | Reached skill level 5 in Unarmed Combat
  4919 | D:6      | Reached XP level 9. HP: 57/75 MP: 9/9
  5125 | D:6      | Bought a pair of runed gloves for 210 gold pieces
  5203 | D:6      | Reached skill level 9 in Fighting
  5336 | D:6      | Found Dasodir's Assorted Antiques.
  5344 | D:6      | Bought a white potion for 21 gold pieces
  5344 | D:6      | Bought a brown potion for 21 gold pieces
  5609 | D:6      | Found Geawk's Distillery.
  5617 | D:6      | Bought a potion of degeneration for 10 gold pieces
  6242 | D:7      | Reached skill level 10 in Fighting
  6253 | D:7      | Found an ornate altar of the Wu Jian Council.
  6259 | D:7      | Found a sacrificial altar of Ru.
  6334 | D:7      | Found a bloodstained altar of Trog.
  6519 | D:7      | Found a staircase to the Ecumenical Temple.
  6577 | D:7      | Found a burning altar of Makhleb.
  6604 | D:7      | Noticed a boulder beetle
  6884 | D:7      | Gained mutation: Your touch may irresistibly damage your
                  | foes and sap their willpower. [demonic ancestry]
  6884 | D:7      | Reached XP level 10. HP: 62/86 MP: 10/10
  7188 | D:7      | Killed a boulder beetle
  7189 | D:7      | Reached skill level 11 in Fighting
  7431 | D:7      | Noticed a gargoyle
  7432 | D:7      | Noticed a manticore
  7437 | D:7      | Killed a gargoyle
  7442 | D:7      | Killed a manticore
  7750 | D:6      | Bought a scroll labelled KENESU JIAS for 24 gold pieces
  7750 | D:6      | Bought a scroll labelled ZACHUCA TASAO for 24 gold pieces
  7750 | D:6      | Bought a scroll labelled XUZUIXE OKAL for 24 gold pieces
  7780 | D:6      | Bought a potion of curing for 30 gold pieces
  8527 | Temple   | Entered the Ecumenical Temple
  8590 | D:9      | Found Tiboosm's Assorted Antiques.
  8592 | D:9      | Found Wuipp's Antique Armour Shoppe.
  8631 | D:9      | HP: 4/89 [killer bee (5)]
  8737 | D:9      | Reached skill level 12 in Fighting
  8804 | D:9      | Gained mutation: You sometimes gain a little power by
                  | taking damage. [demonic ancestry]
  8804 | D:9      | Reached XP level 11. HP: 95/95 MP: 11/11
  8823 | D:9      | Noticed Maurice
  8838 | D:9      | Killed Maurice
  8972 | D:9      | Found a staircase to the Lair.
  9006 | D:9      | Found Ixzoafo's Antique Weapon Shoppe.
  9063 | D:9      | Found a staircase to the Orcish Mines.
  9154 | Temple   | Became a worshipper of Gozag Ym Sagoz the Greedy
  9277 | D:10     | Entered Level 10 of the Dungeon
  9559 | D:10     | Reached skill level 10 in Unarmed Combat
  9609 | D:10     | Noticed Amaemon
  9629 | D:10     | Killed Amaemon
  9802 | D:10     | Noticed Maggie
  9813 | D:10     | Killed Maggie
  9814 | D:10     | Reached skill level 13 in Fighting
  9816 | D:10     | Noticed Erica
  9828 | D:10     | Killed Erica
  9972 | D:10     | Found Pyan's Vocational Training.
 10441 | D:11     | Noticed a boulder beetle
 10504 | D:11     | Killed a boulder beetle
 10940 | D:12     | Noticed a brown ugly thing
 10952 | D:12     | Killed a brown ugly thing
 10983 | D:12     | Noticed a green ugly thing
 10988 | D:12     | Killed a green ugly thing
 11030 | D:12     | Reached XP level 12. HP: 106/106 MP: 12/12
 11050 | D:12     | Found a runed translucent door.
 11053 | D:12     | Noticed a fire giant
 11054 | D:12     | Noticed a lich
 11054 | D:12     | Found a runed translucent door.
 11054 | D:12     | Noticed a tengu reaver
 11057 | D:12     | Noticed pokeman's ghost (journeyman DEHW)
 11082 | D:12     | Reached skill level 14 in Fighting
 11140 | D:12     | Noticed Frances
 11152 | D:12     | Killed Frances
 11153 | D:12     | Found a portal to a secret trove of treasure.
 11813 | D:12     | Identified the +4 mace "Beetleslayer" {flame, rElec rC-
                  | Int+6}
 12014 | Orc:1    | Entered Level 1 of the Orcish Mines
 12322 | Orc:2    | Entered Level 2 of the Orcish Mines
 12322 | Orc:2    | Found a staircase to the Elven Halls.
 12656 | Orc:2    | Noticed Snorg
 12683 | Orc:2    | Killed Snorg
 12863 | Orc:2    | Found Zuuxkepp's Gadget Gallery.
 13032 | Orc:2    | Noticed an ogre mage
 13032 | Orc:2    | Noticed a two-headed ogre
 13032 | Orc:2    | Noticed a two-headed ogre
 13042 | Orc:2    | Noticed a two-headed ogre
 13042 | Orc:2    | Noticed a two-headed ogre
 13049 | Orc:2    | Noticed a two-headed ogre
 13051 | Orc:2    | Reached skill level 15 in Fighting
 13053 | Orc:2    | Killed an ogre mage
 13057 | Orc:2    | Killed a two-headed ogre
 13061 | Orc:2    | Killed a two-headed ogre
 13065 | Orc:2    | Killed a two-headed ogre
 13070 | Orc:2    | Killed a two-headed ogre
 13073 | Orc:2    | Killed a two-headed ogre
 13191 | Orc:2    | Noticed Nergalle
 13345 | Orc:2    | Noticed Urug
 13366 | Orc:2    | HP: 3/110 [Urug/+2 double sword (18)]
 13367 | Orc:2    | Killed Urug
 13368 | Orc:2    | Reached XP level 13. HP: 4/117 MP: 13/13
 13915 | Orc:1    | Noticed Erolcha
 13922 | Orc:1    | Killed Erolcha
 14093 | Orc:2    | Noticed an orc warlord
 14347 | Orc:2    | Killed Nergalle
 14348 | Orc:2    | Reached skill level 1 in Armour
 14355 | Orc:2    | Found Posogued's Antique Armour Boutique.
 14371 | Orc:2    | Noticed Josephine
 14505 | Orc:2    | Killed an orc warlord
 14506 | Orc:2    | Reached skill level 16 in Fighting
 14563 | Orc:2    | Found Zuggixie's Jewellery Boutique.
 14630 | Orc:2    | Found Ifann's Antique Weapon Boutique.
 14649 | Orc:2    | Found Eneror's General Store.
 14674 | Orc:2    | Bought a potion of heal wounds for 70 gold pieces
 14735 | Orc:2    | Noticed Azrael
 14771 | Orc:2    | Killed from afar by Azrael

Illustrated notes

Levels and vault maps discovered:
D:1:      lemuel_arrival_rhombus, layout_basic
D:2:      layout_basic, basic_altar
D:3:      minmay_angry_zag, layout_basic, gup_sewer_entry_glass,
          gammafunk_ghost_split, kennysheep_crisscross
D:4:      layout_basic
D:5:      layout_basic, tso_altar, gammafunk_ghost_nasty_kobolds,
          nicolae_tricolors, uniq_crazy_yiuf_cottage, uniq_ijyb, uniq_pikel
D:6:      layout_basic, serial_shops, shop, nicolae_shop_advertising_works
          [nicolae_subvault_shop_adworks],
          nicolae_shop_competitors_out_of_business,
          nicolae_shop_temple_entry_statues_fountains, serial_bayou_lake_a
D:7:      layout_gridville, grunt_temple_overflow_open,
          minmay_temple_entry_glassed_door, minmay_shattered_shrine
D:8:      layout_loops_cross
D:9:      layout_big_octagon, dpeg_oklobed_lair, orc_0_dummy, serial_shops,
          shop, shop, shop, uniq_maurice
D:10:     layout_basic, serial_ice, serial_ice_l, serial_ice_g, serial_ice_f,
          serial_ice_e, serial_ice_o, serial_ice_h, nicolae_shop_vocational,
          uniq_erica, uniq_amaemon, uniq_maggie
D:11:     layout_rooms
D:12:     layout_gridville, muffindrake_ghost_dual_entry, enter_trove_3,
          uniq_frances
Temple:   nicolae_temple_bog_church
Orc:1:    layout_caves, uniq_erolcha
Orc:2:    grunt_orc_cross, layout_caves, nicolae_shop_gadgets, uniq_azrael,
          uniq_snorg, uniq_josephine

Skill      XL: |  1  2  3  4  5  6  7  8  9 10 11 12 13 |
---------------+----------------------------------------+-----
Throwing       | 2 |  2.0
Long Blades    | 3 4 5 6 |  6.0
Dodging        | 3 |  3.0
Fighting       | 3 4 5 6 8 10 12 13 15 16 | 16.1
Unarmed Combat | 2 5 7 9 11 13 | 13.7
Armour         | 2 |  2.5

Action                     |  1- 3 |  4- 6 |  7- 9 | 10-12 | 13-15 || total
---------------------------+-------+-------+-------+-------+-------++-------
  Melee: Long sword        |    53 |       |       |       |       ||    53
         Punch             |     2 |     9 |    16 |    41 |    10 ||    78
         Dagger            |    90 |   438 |   403 |       |       ||   931
         Touch             |       |       |   106 |   141 |    35 ||   282
         Unarmed           |       |       |       |   601 |   176 ||   777
  Throw: Throwing net      |       |     2 |       |       |       ||     2
         Dart              |       |       |     1 |     6 |     1 ||     8
 Invoke: Potion Petition   |       |       |       |     1 |       ||     1
  Evoke: Wand              |       |       |     7 |    20 |     7 ||    34
    Use: Scroll            |       |       |       |    13 |     4 ||    17
         Potion            |       |       |       |     8 |     2 ||    10
   Stab: Sleeping          |     1 |     2 |       |       |       ||     3
         Distracted        |       |       |     1 |     2 |       ||     3
 Armour: Leather armour    |    67 |   119 |       |       |       ||   186
         Scale mail        |       |    98 |   223 |   236 |       ||   557
         Ring mail         |       |       |       |   250 |   147 ||   397
  Dodge: Dodged            |    78 |   184 |   182 |   372 |   100 ||   916
  Block: Other             |    18 |    46 |    47 |    98 |    16 ||   225

Table legend: (Time is in decaauts)
 A = Elapsed time spent in this place.
 B = Non-inter-level travel time spent in this place.
 C = Inter-level travel time spent in this place.
 D = Time resting spent in this place.
 E = Time spent auto-exploring this place.
 F = Levels seen in this place.
 G = Mean time per level.
                   A        B        C        D        E       F      G
               +--------+--------+--------+--------+--------+-----+--------+
         Total |  14544 |  13864 |    680 |   2638 |   7316 |  16 |  909.0 |
       Dungeon |  11248 |  10659 |    589 |   1887 |   6178 |  12 |  937.3 |
        Temple |     87 |     26 |     61 |      0 |      0 |   1 |   87.0 |
  Orcish Mines |   2592 |   2562 |     30 |    581 |    990 |   2 | 1296.0 |
         Sewer |    616 |    616 |      0 |    170 |    148 |   1 |  616.0 |
               +--------+--------+--------+--------+--------+-----+--------+

Top non-repeatable levels by time:
   Orc:2: 1857 daAuts
     D:7: 1694 daAuts
     D:6: 1384 daAuts
     D:5: 1068 daAuts
    D:10: 1043 daAuts
    D:12: 1013 daAuts
     D:3: 973 daAuts
     D:8: 801 daAuts
     D:2: 788 daAuts
     D:4: 745 daAuts
   Orc:1: 734 daAuts
   Sewer: 616 daAuts
    D:11: 608 daAuts
     D:1: 563 daAuts
     D:9: 562 daAuts
